 Dungeon Crawl Stone Soup version 0.22.1-1-ga44c0e5 (webtiles) character file.

177 brandon the Cudgeler (level 5, -15/48 HPs)
             Began as a Minotaur Berserker on Oct 1, 2018.
             Was a Believer of Trog.
             Demolished by a gnoll
             ... wielding a +0 halberd
              (16 damage)
             ... on level 2 of the Dungeon.
             The game lasted 00:02:25 (1705 turns).

brandon the Cudgeler (Minotaur Berserker)           Turns: 1705, Time: 00:02:26

Health: -15/48     AC:  3    Str: 22    XL:     5   Next: 31%
Magic:  4/4        EV: 12    Int:  4    God:    Trog [**....]
Gold:   89         SH:  0    Dex: 10    Spells: 4/4 levels left

rFire    . . .     SeeInvis .   a - +0 mace
rCold    . . .     Gourm    .   (no shield)
rNeg     . . .     Faith    .   b - +0 animal skin
rPois    .         Spirit   .   (helmet restricted)
rElec    .         Reflect  .   (no cloak)
rCorr    .         Harm     .   (no gloves)
MR       .....                  g - +0 pair of boots
Stlth    +.........             (no amulet)
HPRegen  0.16/turn              (no ring)
MPRegen  0.09/turn              (no ring)

@: berserk cooldown, starving, slowed, very slow
A: retaliatory headbutt, horns 2
a: Berserk, Trog's Hand, Renounce Religion


You were on level 2 of the Dungeon.
You worshipped Trog.
Trog was pleased with you.
You were starving.

You visited 1 branch of the dungeon, and saw 2 of its levels.

You collected 89 gold pieces.

Inventory:

Hand Weapons
 a - a +0 mace (weapon)
Armour
 b - a +0 animal skin (worn)
 g - a +0 pair of boots (worn)
Scrolls
 e - a scroll of amnesia {unknown}
 i - a scroll of random uselessness {unknown}
Potions
 d - a potion of might {unknown}
 f - a potion of curing {unknown}
 h - 2 potions of resistance {unknown}
Comestibles
 c - 2 rations


   Skills:
 * Level 5.3 Fighting
 * Level 5.6 Maces & Flails
 + Level 2.9 Armour
 + Level 2.8 Dodging


You had 4 spell levels left.
You didn't know any spells.
Your spell library was empty.

Dungeon Overview and Level Annotations

Branches:
Dungeon (2/15)

Altars:


Innate Abilities, Weirdness & Mutations

You reflexively headbutt those who attack you in melee.
You have a pair of horns on your head.


Message History

* * * LOW HITPOINT WARNING * * *
You barely miss the gnoll. The gnoll closely misses you.
You furiously retaliate!
You headbutt the gnoll!
You kill the gnoll!
Trog accepts your kill. The gnoll hits you with a halberd.
* * * LOW HITPOINT WARNING * * *
You are no longer berserk.
Trog's vigour flows through your veins.
You are exhausted.
You feel yourself slow down.
You see here a spear.
The gnoll closely misses you. The gnoll hits you with a halberd.
* * * LOW HITPOINT WARNING * * *
Items here: )) [ † a club; a whip; a robe; a gnoll corpse You hit the gnoll but do no damage.
You headbutt the gnoll!
The gnoll is severely wounded.
The gnoll hits you with a halberd!
You die...

#..## #... #..##
## ###...#...
....... #....
#g.####.## #.
#@)....!.. #.#
#†#####.#. #.#
#.# #.# #.# #.##
#.# .#. #...
##.##
#.#.#.###...
##[#<##
..........#
##.###.##
#.........#
##.##
##.###.[#.###.##


You could see a gnoll.

Vanquished Creatures
  A gnoll shaman (D:2)
  Jessica (D:2)
  6 gnolls (D:2)
  An adder (D:2)
  A worm (D:2)
  4 dart slugs
  3 leopard geckos
  3 bats (D:2)
  10 giant cockroaches (D:2)
  3 goblins (D:1)
  4 hobgoblins
  3 kobolds
  2 quokkas (D:2)
  A ball python (D:1)
  2 frilled lizards
  A rat (D:1)
46 creatures vanquished.

Notes
Turn   | Place    | Note
-------+----------+-------------------------------------------
     0 | D:1      | brandon the Minotaur Berserker began the quest for the Orb.
     0 | D:1      | Reached XP level 1. HP: 19/19 MP: 0/0
   247 | D:1      | Reached XP level 2. HP: 27/27 MP: 1/1
  1196 | D:2      | Reached XP level 3. HP: 33/33 MP: 2/2
  1236 | D:2      | Reached ** piety under Trog
  1287 | D:2      | Reached XP level 4. HP: 10/41 MP: 3/3
  1309 | D:2      | Reached skill level 5 in Fighting
  1310 | D:2      | Reached skill level 5 in Maces & Flails
  1672 | D:2      | Noticed Jessica
  1673 | D:2      | Killed Jessica
  1695 | D:2      | Reached XP level 5. HP: 41/48 MP: 4/4
  1704 | D:2      | HP: 1/48 [gnoll/halberd (3)]
  1705 | D:2      | Demolished by a gnoll

Skill      XL: |  1  2  3  4 |
---------------+-------------+-----
Fighting       | 4 5 |  5.3
Maces & Flails | 4 5 |  5.6
Armour         | |  2.9
Dodging        | |  2.8

Action                   |  1- 3 |  4- 6 || total
-------------------------+-------+-------++-------
Melee: Mace              |    74 |    21 ||    95
       Headbutt          |    10 |     7 ||    17
Invok: Berserk           |     1 |     1 ||     2
 Stab: Sleeping          |       |     1 ||     1
  Eat: Chunk             |     1 |     1 ||     2
Armor: Animal skin       |    15 |    10 ||    25
Dodge: Dodged            |    58 |    35 ||    93
